 Dungeon Crawl Stone Soup version 0.20.1-1-g8b1a95d (webtiles) character file.

6 tidbits the Gusty (level 1, 0/16 HPs)
             Began as a Demigod Wanderer on Aug 22, 2017.
             Slain by an adder (3 damage)
             ... on level 2 of the Dungeon.
             The game lasted 00:01:02 (91 turns).

tidbits the Gusty (Demigod Wanderer)                  Turns: 91, Time: 00:01:03

Health: 0/16       AC:  5    Str: 16    XL:     1   Next: 60%
Magic:  4/4        EV: 12    Int: 15    God:
Gold:   11         SH:  0    Dex: 15    Spells: 2/2 levels left

rFire    . . .     SeeInvis .   b - +0 spear
rCold    . . .     Gourm    .   (no shield)
rNeg     . . .     Faith    .   a - +2 leather armour
rPois    .         Spirit   .   (no helmet)
rElec    .         Reflect  .   (no cloak)
rCorr    .         Harm     .   (no gloves)
MR       .....                  (no boots)
Stlth    +.........             (no amulet)
Regen    0.1/turn               (no ring)
MPRegen  0.1/turn               (no ring)

@: lethally poisoned (0 -> -7)
A: high mp 1
a: no special abilities


You were on level 2 of the Dungeon.
You were not hungry.

You visited 1 branch of the dungeon, and saw 2 of its levels.

You collected 11 gold pieces.

Inventory:

Hand Weapons
 b - a +0 spear (weapon)
Armour
 a - a +2 leather armour (worn)
Potions
 c - a potion of curing
Comestibles
 d - a bread ration


   Skills:
 + Level 1.2 Fighting
 - Level 1.0 Polearms
 - Level 1.0 Throwing
 - Level 1.7 Dodging
   Level 1.0 Shields
 - Level 1.0 Spellcasting
   Level 1.7 Conjurations
   Level 1.7 Air Magic


You had 2 spell levels left.
You didn't know any spells.

Dungeon Overview and Level Annotations

Branches:
Dungeon (2/15)


Innate Abilities, Weirdness & Mutations

You have an increased reservoir of magic. (+10% MP)


Message History

You barely miss the goblin. The goblin hits you with a dagger.
You completely miss the goblin. The goblin hits you but does no damage.
Your leather armour prevents you from hitting the goblin.
The goblin hits you but does no damage.
You hit the goblin but do no damage. The goblin hits you but does no damage.
You hit the goblin.
You kill the goblin!
Things that are here:
a dagger; a goblin corpse A leopard gecko comes into view.
The leopard gecko hisses angrily.
You are too injured to fight recklessly!
Attack whom?
Press: ? - help, Dir - move target cursor, f - leopard gecko
Aim: a leopard gecko You reach to attack!
You hit the leopard gecko but do no damage.
The leopard gecko closely misses you.
You completely miss the leopard gecko.
The leopard gecko bites you but does no damage.
You hit the leopard gecko.
The leopard gecko is severely wounded.
The leopard gecko barely misses you.
You hit the leopard gecko but do no damage.
The leopard gecko is severely wounded.
The leopard gecko bites you but does no damage.
You closely miss the leopard gecko.
The leopard gecko is severely wounded.
The leopard gecko barely misses you. The leopard gecko closely misses you.
You hit the leopard gecko.
You kill the leopard gecko!
Your Fighting skill increases to level 1!
A hobgoblin comes into view. It is wielding a club.
You barely miss the hobgoblin.
The hobgoblin hits you but does no damage.
You closely miss the hobgoblin. The hobgoblin misses you.
You barely miss the hobgoblin.
The hobgoblin hits you but does no damage.
You hit the hobgoblin.
The hobgoblin is severely wounded.
The hobgoblin hits you with a club.
You are too injured to fight recklessly!
You are too injured to fight recklessly!
You are too injured to fight recklessly!
You are too injured to fight recklessly!
You are too injured to fight recklessly!
You are too injured to fight recklessly!
You are too injured to fight recklessly!
You are too injured to fight recklessly!
You hit the hobgoblin.
The hobgoblin is almost dead.
The hobgoblin hits you but does no damage.
You hit the hobgoblin.
You kill the hobgoblin!
You see here a club.
There is a stone staircase leading down here.
You climb downwards.
An adder comes into view.
Found a scale mail.
There is a stone staircase leading up here.
The adder hisses angrily.
You hit the adder but do no damage. The adder barely misses you.
You hit the adder but do no damage. The adder closely misses you.
The adder barely misses you.
You miss the adder. The adder barely misses you.
You hit the adder but do no damage. The adder barely misses you.
You hit the adder.
The adder is lightly wounded.
The adder bites you.
* * * LOW HITPOINT WARNING * * *
You hit the adder.
The adder is severely wounded.
The adder closely misses you. The adder barely misses you.
You hit the adder but do no damage.
The adder is severely wounded.
The adder completely misses you.
You closely miss the adder.
The adder is severely wounded.
The adder bites you.
* * * LOW HITPOINT WARNING * * *
You are lethally poisoned!
The adder poisons you! The adder closely misses you.
You closely miss the adder.
The adder is severely wounded.
* * * LOW HITPOINT WARNING * * *
You feel sick. The adder bites you but does no damage.
You closely miss the adder.
The adder is severely wounded.
* * * LOW HITPOINT WARNING * * *
You feel sick. The adder bites you.
* * * LOW HITPOINT WARNING * * *
The adder barely misses you.
You barely miss the adder.
The adder is severely wounded.
The adder barely misses you.
You closely miss the adder.
The adder is severely wounded.
* * * LOW HITPOINT WARNING * * *
You feel sick. The adder bites you.
You die...

. .. #
#.########.#..
#............#
#.<@S# ##.#[#
#.#.# ..#..
.#####. .. ..
.. .. #.# ...


You could see an adder.

Vanquished Creatures
  A leopard gecko (D:1)
  A giant cockroach (D:1)
  A goblin (D:1)
  A hobgoblin (D:1)
4 creatures vanquished.

Notes
Turn   | Place    | Note
-------+----------+-------------------------------------------
     0 | D:1      | tidbits the Demigod Wanderer began the quest for the Orb.
     0 | D:1      | tidbits set off with: a +2 leather armour, a +0 spear, a potion of curing, a bread ration
     0 | D:1      | Reached XP level 1. HP: 14/14 MP: 4/4
    48 | D:1      | Reached skill level 1 in Fighting
    91 | D:2      | Slain by an adder

Skill      XL: |  1 |
---------------+----+-----
Fighting       | 1 |  1.2
Polearms       | |  1.0
Throwing       | |  1.0
Dodging        | |  1.7
Shields        | |  1.0
Spellcasting   | |  1.0
Conjurations   | |  1.7
Air Magic      | |  1.7

Action                   || total
-------------------------++-------
Melee: Spear             ||    38
Armor: Leather armour    ||     9
Dodge: Dodged            ||    19

Table legend:
 A = Turns spent in this place as a percentage of turns spent in the entire game.
 B = Non-inter-level travel turns spent in this place as a percentage of non-inter-level travel turns spent in the entire game.
 C = Inter-level travel turns spent in this place as a percentage of turns spent in this place.
 D = Turns resting spent in this place as a percentage of non-inter-level travel turns spent in this place.
 E = Turns spent auto-exploring this place as a percentage of non-inter-level travel turns spent in this place.
 F = Non-inter-level travel turns spent in this place divided by the number of levels of this place that you've seen.
                   A       B       C       D       E      F
               +-------+-------+-------+-------+-------+----------------------
         Total | 100.0 | 100.0 |   0.0 |   0.0 |   0.0 |  52.0
       Dungeon | 100.0 | 100.0 |   0.0 |   0.0 |   0.0 |  52.0
               +-------+-------+-------+-------+-------+----------------------

Table legend:
 A = Kills in this place as a percentage of kills in entire the game.
 B = Kills by you in this place as a percentage of kills by you in the entire game.
 C = Kills by friends in this place as a percentage of kills by friends in the entire game.
 D = Other kills in this place as a percentage of other kills in the entire game.
 E = Experience gained in this place as a percentage of experience gained in the entire game.
 F = Experience gained in this place divided by the number of levels of this place that you have seen.
                   A       B       C       D       E      F
               +-------+-------+-------+-------+-------+----------------------
         Total | 100.0 | 100.0 |  -nan |  -nan | 100.0 |   4.5
       Dungeon | 100.0 | 100.0 |  -nan |  -nan | 100.0 |   4.5
               +-------+-------+-------+-------+-------+----------------------

Vault maps used:
D:1:      eino_arrival_tree_alley, minmay_misc_feat_enclosed, minmay_unequal
D:2:      nicolae_overflow_hidden_temple, trog_hazing_becter, uniq_natasha
